 Dungeon Crawl Stone Soup version 0.31-a0-836-g3ceb0a68c4 (webtiles) character file.

Game seed: 13181434800074938083

6 Kurtz the Trooper (level 1, -2/16 HPs)
             Began as an Octopode Fighter on Sept 26, 2023.
             Killed from afar by a dart slug (5 damage)
             ... with a slug dart
             ... on level 1 of the Dungeon.
             The game lasted 00:00:08 (34 turns).

Kurtz the Trooper (Octopode Fighter)                  Turns: 34, Time: 00:00:08

Health: -2/16      AC:  1    Str: 15    XL:     1   Next: 90%
Magic:  1/1        EV: 13    Int: 10    God:
Gold:   0          SH:  4    Dex: 11    Spells: 0/0 levels left

rFire   . . .        a - +0 war axe
rCold   . . .        b - +0 buckler
rNeg    . . .        (helmet restricted)
rPois   .            (no amulet)
rElec   .            (no ring)
rCorr   .            (no ring)
SInv    .            (no ring)
Will    .....        (no ring)
Stlth   ++           (no ring)
HPRegen 0.22/turn    (no ring)
MPRegen 0.07/turn    (no ring)
                     (no ring)

%: no passive effects
@: no status effects
A: almost no armour, amphibious, 8 rings, camouflage 1, gelatinous body 1,
(nimble swimmer 1), tentacles
a: no special abilities


You were on level 1 of the Dungeon.
You visited 1 branch of the dungeon, and saw 1 of its levels.

Inventory:

Hand Weapons
 a - a +0 war axe (weapon)
Armour
 b - a +0 buckler (worn)
Potions
 c - a potion of might


   Skills:
 * Level 3.1 Fighting
 * Level 2.1 Axes
 - Level 3.0 Dodging
 * Level 3.1 Shields


You couldn't memorise any spells.
You didn't know any spells.
Your spell library was empty.

Dungeon Overview and Level Annotations

Branches:
Dungeon (1/15)

Altars:


Innate Abilities, Weirdness & Mutations

You cannot wear most types of armour.
You are amphibious.
You can wear up to eight rings at the same time.
Your skin changes colour to match your surroundings (Stealth+).
Your rubbery body absorbs attacks. (AC +1, EV +1)
((You are camouflaged when in or above water. (Stealth+)))
You have tentacles for arms and can constrict up to eight enemies at once.


Message History

You barely miss the ball python. Your grab misses the ball python.
You hit the ball python. The ball python barely misses you.
The ball python grabs you. The ball python constricts you.
The ball python barely misses you. The ball python misses you.
The ball python constricts you. The ball python closely misses you.
There are monsters nearby!
You barely miss the ball python. You grab the ball python.
You hit the ball python.
You kill the ball python!
You constrict the ball python. You block the ball python's attack.
The ball python constricts you.
A dart slug comes into view.
You block the ball python's attack. The ball python constricts you.
You hit the ball python.
You kill the ball python!
You hit the quokka but do no damage.
The quokka bites you but does no damage.
The quokka barely misses you. The goblin hits you with a +0 dagger.
There are monsters nearby!
You are too injured to fight recklessly!
Unknown command.
You are too injured to fight recklessly!
Unknown command.
You are too injured to fight recklessly!
Unknown command.
You are too injured to fight recklessly!
You are too injured to fight recklessly!
You miss the quokka. Your grab misses the quokka. You hit the goblin.
You block the quokka's attack. The goblin hits you but does no damage.
The dart slug launches a dart at you. The slug dart hits you.
* * * LOW HITPOINT WARNING * * *
You are too injured to fight recklessly!
You closely miss the quokka. Your grab misses the quokka.
Your squeeze misses the quokka. You miss the goblin.
You block the quokka's attack. The goblin misses you.
The quokka closely misses you. The dart slug launches a dart at you.
The slug dart hits you.
You die...

.........##
......#..#
......#..# . .
......#..# ....
###...#..###.....
#.......†..#
###..##..#.>.#
:....##†...#...#
#[.#..g@....##.#
#. #$..r....# #
#...........#
$...........#
.#..........#
#..........#
#w..........
...###.......


You could see a dart slug, a quokka and a goblin.

Vanquished Creatures
  A dart slug (D:1)
  3 ball pythons (D:1)
  A rat (D:1)
5 creatures vanquished.

Notes
Turn   | Place    | Note
-------+----------+-------------------------------------------
     0 | D:1      | Kurtz the Octopode Fighter began the quest for the Orb.
     0 | D:1      | Reached XP level 1. HP: 16/16 MP: 1/1
    34 | D:1      | Killed from afar by a dart slug

Illustrated notes

Levels and vault maps discovered:
D:1:      ncdulo_wetmaze, layout_rooms, serial_shops, shop

Action                     || total
---------------------------++-------
  Melee: War axe           ||     9
         Constrict         ||     2
         Tentacles         ||     1
 Armour: Skin              ||     6
  Dodge: Dodged            ||    10
  Block: Buckler           ||     7

Table legend: (Time is in decaauts)
 A = Elapsed time spent in this place.
 B = Non-inter-level travel time spent in this place.
 C = Inter-level travel time spent in this place.
 D = Time resting spent in this place.
 E = Time spent auto-exploring this place.
 F = Levels seen in this place.
 G = Mean time per level.
                   A        B        C        D        E       F      G
               +--------+--------+--------+--------+--------+-----+--------+
         Total |     37 |     37 |      0 |      0 |     12 |   1 |   37.0 |
       Dungeon |     37 |     37 |      0 |      0 |     12 |   1 |   37.0 |
               +--------+--------+--------+--------+--------+-----+--------+

Top non-repeatable levels by time:
     D:1: 37 daAuts
